Map: Dusk Towers

Players

MarineLorD - Winner!

  • Race: Terran Terran

viOLet

  • Race: Zerg Zerg

Event: 2016 WCS Winter Circuit Championship

VOD

Have the link to the VOD?

Description

Time

  • Played on: March 3, 2016, 2:02 p.m.
  • Length: 13:43

All games in this series

Show
View Real Time Build Order
Export as new Build Order

MarineLorD Terran - Winner!

Build Orders: Liberator Opening, Reaper Expand, MMM Bio 

Get SALT Encoding   

  12  0:00  SCV  
  13  0:13  SCV  
  14  0:17  Supply Depot  
  14  0:25  SCV  
  15  0:38  SCV  
  15  0:40  Barracks  
  16  0:43  Refinery  
  16  0:50  SCV  
  17  1:02  SCV  
  18  1:15  SCV  
  19  1:27  Orbital Command, Reaper  
  20  1:39  Command Center  
  20  1:50  Supply Depot  
  20  1:53  SCV  
  21  1:59  Marine  
  22  2:05  SCV  
  23  2:10  Factory  
  23  2:17  Refinery, SCV  
  24  2:22  Barracks Reactor  
  24  2:29  SCV  
  25  2:41  SCV  
  26  2:51  Orbital Command  
  26  2:53  SCV, Starport  
  27  3:00  Marine x2  
  27  3:04  Widow Mine  
  31  3:05  SCV  
  31  3:10  Supply Depot  
  32  3:17  SCV  
  32  3:18  SCV, Marine x2  
  36  3:29  SCV, Medivac  
  36  3:30  SCV  
  36  3:31  Supply Depot  
  40  3:34  Factory Tech Lab  
  40  3:36  Marine x2  
  42  3:41  SCV  
  42  3:42  SCV  
  42  3:48  Liberator  
  44  3:53  SCV, Marine  
  44  3:54  SCV, Marine  
  48  3:55  Supply Depot  
  48  4:05  SCV  
  48  4:06  SCV  
  53  4:11  Marine x2  
  55  4:17  SCV  
  55  4:18  Supply Depot, SCV  
  55  4:19  Siege Tank  
  55  4:24  Command Center  
  60  4:30  SCV, Marine x2  
  63  4:33  SCV  
  63  4:34  Liberator  
  64  4:42  SCV  
  65  4:45  SCV  
  71  4:54  SCV  
  71  4:57  SCV  
  71  4:58  Barracks  
  71  4:59  Factory Reactor, Barracks  
  71  5:06  SCV  
  72  5:10  SCV  
  72  5:12  Engineering Bay, Refinery x2  
  72  5:13  Engineering Bay  
  72  5:22  SCV  
  72  5:26  Marine  
  73  5:30  SCV  
  73  5:34  SCV  
  73  5:35  Supply Depot x2  
  75  5:36  Supply Depot  
  75  5:42  SCV  
  73  5:44  Marine  
  73  5:46  Stimpack, Orbital Command, SCV  
  73  5:49  Liberator  
  75  5:51  Factory Reactor, Marine  
  75  5:52  Marine x3  
  75  5:54  SCV  
  75  5:56  Terran Infantry Armor Level 1, Terran Infantry Weapons Level 1  
  80  5:58  SCV  
  80  6:02  Marine  
  82  6:05  Missile Turret  
  82  6:06  SCV  
  82  6:09  Marine  
  82  6:10  SCV, Missile Turret, Marine  
  83  6:12  Marine  
  83  6:14  Orbital Command  
  83  6:16  Marine  
  83  6:18  SCV  
  87  6:21  Marine  
  87  6:22  SCV  
  85  6:27  Marine  
  85  6:28  Barracks x2  
  85  6:30  SCV  
  85  6:31  Missile Turret  
  85  6:32  Marine  
  88  6:34  SCV, Marine x2  
  88  6:39  SCV  
  92  6:42  SCV  
  92  6:43  Factory Reactor  
  92  6:44  Marine  
  92  6:45  Marine  
  92  6:46  SCV  
  96  6:49  Marine  
  96  6:51  SCV  
  96  6:52  Marine  
  99  6:54  SCV  
  99  6:55  Supply Depot  
  99  6:58  SCV  
  101  7:01  Marine  
  101  7:02  Marine  
  101  7:03  Refinery, Medivac x2  
  101  7:06  SCV, Marine  
  101  7:08  SCV  
  110  7:10  Missile Turret  
  110  7:12  Marine x2  
  112  7:22  Supply Depot  
  112  7:23  Supply Depot, SCV  
  112  7:26  Armory  
  112  7:29  Widow Mine x2, Barracks Reactor, Barracks Tech Lab  
  115  7:33  Medivac x2  
  120  7:37  Bunker  
  120  7:38  Marine x3  
  120  7:39  Supply Depot, Marauder  
  120  7:40  Supply Depot  
  120  7:43  Marine  
  126  7:47  Combat Shields  
  126  7:51  Marauder  
  127  7:53  Liberator x2  
  127  7:56  Marine x3  
  130  8:00  Marauder  
  130  8:01  Marine  
  133  8:09  Command Center  
  133  8:11  Marine x2  
  133  8:12  Marine  
  142  8:14  Marine x3  
  142  8:19  Marine  
  146  8:20  Supply Depot  
  146  8:21  Marauder  
  146  8:22  Supply Depot  
  148  8:29  Marine  
  148  8:31  Terran Infantry Weapons Level 2, Terran Infantry Armor Level 2  
  148  8:33  Barracks  
  148  8:34  Terran Ship Weapons Level 1, Barracks  
  149  8:35  Barracks  
  149  8:43  Marauder, Marine  
  139  8:50  Marauder, Marine x2  
  139  8:53  Medivac x2, Marine x2  
  143  9:00  Widow Mine x2  
  143  9:01  Marine  
  142  9:04  Marine  
  142  9:05  Marauder, Bunker  
  142  9:06  Bunker  
  142  9:08  Marine  
  146  9:10  Supply Depot  
  146  9:11  Supply Depot, Marine  
  146  9:12  Marauder  
  146  9:13  Supply Depot  
  149  9:18  Marine x2  
  149  9:19  Marine  
  149  9:22  Marine  
  149  9:23  Medivac x2  
  157  9:26  Marauder  
  157  9:28  Marine  
  160  9:33  Marauder  
  160  9:34  Marine  
  163  9:42  Marine x2  
  147  9:46  Marine  
  147  9:47  Marauder, Marine  
  147  9:48  Marine x2  
  147  9:52  Marine  
  131  9:54  Marine x2  
  131  9:55  Marauder  
  131  9:58  Medivac x2  
  133  10:01  Marine  
  133  10:02  Marine  
  133  10:04  Marine  
  133  10:06  Marine  
  129  10:09  Marauder  
  129  10:11  Marine  
  130  10:14  Marine  
  130  10:16  Marauder  
  130  10:17  Barracks Tech Lab x3, Concussive Shells  
  130  10:19  Marine  
  130  10:20  Marine  
  134  10:22  Marine  
  134  10:25  Marine  
  136  10:29  Marine  
  136  10:30  Marauder  
  136  10:32  Marine  
  140  10:36  Planetary Fortress  
  140  10:37  Marauder, SCV x2, Marine  
  140  10:38  Marine  
  140  10:41  Ghost Academy, Marauder  
  140  10:42  Marauder x2, Widow Mine x2  
  152  10:49  Marine  
  155  10:51  Marauder  
  155  10:53  Marine, Terran Infantry Armor Level 3, Terran Infantry Weapons Level 3  
  158  10:59  Marauder  
  158  11:03  Marauder x3  
  164  11:05  Marine  
  164  11:08  Missile Turret  
  161  11:12  Marine x2  
  161  11:13  Marauder  
  161  11:15  Marine x2  
  161  11:16  Marine  
  155  11:20  Marauder  
  155  11:23  Marine  
  155  11:24  Marauder x2, Marine  
  156  11:29  Marine  
  156  11:30  Marine  
  158  11:33  Missile Turret, Marine x2  
  158  11:34  Marauder, Marine  
  158  11:37  Terran Vehicle And Ship Armor Level 1  
  163  11:40  Missile Turret, Marine  
  163  11:41  Marauder  
  163  11:46  Marauder x2  
  172  11:47  Marine  
  172  11:49  Marine  
  172  11:51  Marine  
  172  11:52  Marine  
  176  11:56  Marauder, Marine  
  176  11:57  Sensor Tower  
  176  11:59  Marine  
  180  12:03  Ghost x2  
  180  12:06  Ghost x2  
  182  12:15  Marine  
  182  12:16  Marine  
  182  12:17  Marauder  
  182  12:19  Marine x2  
  182  12:22  Marine  
  178  12:26  Widow Mine  
  174  12:32  Marauder x2  
  174  12:33  Marine  
  174  12:34  Marine  
  174  12:35  Medivac x2  
  174  12:36  Marauder x2, Marine  
  167  12:38  Marauder, Marine  
Show
View Real Time Build Order
Export as new Build Order

viOLet Zerg 

Build Orders: Hatch First 

Get SALT Encoding   

  12  0:00  Drone  
  13  0:12  Overlord  
  13  0:17  Drone  
  14  0:30  Drone x2  
  14  0:34  Drone  
  17  0:51  Hatchery  
  17  0:53  Drone  
  17  0:57  Drone  
  18  1:07  Extractor  
  17  1:12  Spawning Pool  
  17  1:15  Drone  
  18  1:18  Drone  
  18  1:28  Overlord  
  18  1:39  Drone  
  19  1:58  Queen  
  21  2:01  Drone  
  21  2:02  Queen  
  21  2:03  Drone  
  21  2:07  Zergling x2  
  26  2:09  Metabolic Boost  
  26  2:11  Drone  
  27  2:18  Drone  
  27  2:21  Zergling x2  
  29  2:28  Drone  
  30  2:36  Queen  
  32  2:40  Queen  
  32  2:43  Drone  
  34  2:44  Overlord  
  34  2:45  Drone  
  35  3:03  Drone x2  
  35  3:04  Overlord  
  37  3:06  Drone x4  
  37  3:08  Drone  
  42  3:13  Lair  
  42  3:24  Drone x2  
  44  3:27  Overlord  
  44  3:29  Drone  
  45  3:41  Hatchery  
  44  3:43  Drone x4  
  44  3:46  Extractor  
  44  3:47  Extractor  
  46  3:51  Drone x2  
  46  3:53  Extractor  
  46  3:55  Drone  
  48  3:58  Drone x3  
  51  4:03  Drone x2  
  53  4:14  Spore Crawler, Overlord  
  52  4:18  Spire  
  52  4:21  Spore Crawler  
  52  4:22  Zergling x2  
  51  4:24  Overlord  
  51  4:33  Zergling x4  
  51  4:34  Zergling x4  
  55  4:40  Drone x3  
  55  4:41  Drone  
  59  4:46  Overlord  
  59  4:48  Drone  
  60  4:52  Overlord  
  60  4:55  Drone  
  60  4:57  Overseer  
  60  4:59  Drone x3  
  64  5:03  Drone  
  65  5:07  Drone  
  65  5:11  Drone, Overlord  
  64  5:22  Drone x2  
  64  5:24  Drone  
  67  5:30  Mutalisk x7  
  78  5:38  Drone x2  
  78  5:41  Drone  
  76  5:42  Drone  
  76  5:43  Drone  
  76  5:47  Drone  
  76  5:48  Drone x2  
  80  5:56  Roach Warren, Evolution Chamber  
  78  5:57  Drone x2  
  78  6:01  Drone x2  
  80  6:04  Drone  
  80  6:06  Drone  
  85  6:11  Drone  
  85  6:12  Drone  
  85  6:16  Overlord  
  85  6:17  Extractor  
  82  6:18  Drone  
  82  6:19  Extractor, Drone  
  82  6:24  Zerg Missile Weapons Level 1  
  82  6:25  Drone x2  
  85  6:29  Drone x2  
  85  6:30  Overlord  
  87  6:36  Glial Reconstitution  
  87  6:38  Drone x3  
  87  6:39  Drone  
  91  6:43  Roach  
  91  6:44  Roach  
  95  6:49  Roach  
  95  6:50  Roach  
  95  6:52  Roach x2  
  95  6:53  Overlord  
  103  6:56  Roach  
  103  6:59  Overlord  
  103  7:00  Roach  
  107  7:05  Roach x2  
  107  7:08  Overlord  
  111  7:12  Roach x2  
  111  7:13  Overlord x2  
  115  7:21  Roach x3  
  123  7:22  Roach  
  123  7:28  Hatchery  
  122  7:34  Roach x5  
  132  7:40  Roach  
  132  7:41  Roach x3  
  140  7:48  Roach x2  
  140  7:49  Overlord x2  
  144  7:57  Roach x4  
  144  7:58  Overlord  
  152  8:08  Roach  
  152  8:10  Roach x2  
  152  8:11  Overlord x2, Roach  
  152  8:12  Roach  
  162  8:15  Ravager x7  
  169  8:20  Ravager x4  
  169  8:21  Zerg Missile Weapons Level 2  
  169  8:22  Burrow  
  169  8:24  Tunneling Claws  
  173  8:30  Roach x3  
  179  8:37  Roach x3  
  182  8:45  Roach  
  175  8:48  Drone x8  
  175  8:52  Drone  
  175  8:54  Drone  
  175  8:55  Drone  
  183  8:57  Drone  
  183  8:58  Drone  
  183  9:01  Drone x7  
  190  9:07  Evolution Chamber, Infestation Pit  
  190  9:09  Queen  
  190  9:16  Ravager x2  
  192  9:18  Ravager  
  193  9:28  Ravager x2  
  193  9:29  Ravager  
  193  9:30  Zergling x8  
  200  9:32  Extractor  
  200  9:34  Spore Crawler  
  200  9:35  Extractor  
  167  9:46  Roach  
  167  9:48  Roach  
  167  9:49  Roach  
  167  9:50  Roach  
  167  9:51  Roach  
  149  9:53  Roach x13  
  149  9:57  Roach  
  149  9:59  Roach  
  159  10:01  Roach  
  159  10:02  Roach x3  
  159  10:04  Roach  
  159  10:06  Roach x2  
  164  10:08  Roach  
  156  10:17  Hive  
  147  10:27  Roach x8  
  163  10:33  Zerg Ground Armor Level 1  
  163  10:37  Zerg Melee Weapons Level 1  
  163  10:40  Pathogen Glands, Roach x8  
  163  10:42  Hatchery  
  162  10:43  Roach x3  
  162  10:47  Roach x13  
  180  10:53  Roach x5  
  188  11:03  Roach x10  
  165  11:15  Roach  
  147  11:18  Roach x19  
  147  11:24  Roach  
  147  11:25  Roach x18  
  169  11:26  Roach  
  169  11:36  Adrenal Glands, Roach x6  
  169  11:38  Ultralisk Cavern  
  169  11:39  Roach x17  
  168  11:43  Roach x37  
  168  11:49  Overseer  
  168  11:52  Roach x11  
  184  11:54  Ravager  
  185  12:03  Ravager  
  185  12:06  Zergling x10, Ravager x2  
  185  12:07  Zergling x6  
  196  12:09  Queen  
  196  12:17  Zergling x12  
  178  12:23  Zergling x8  
  178  12:28  Ravager  
  160  12:30  Roach x4  
  160  12:33  Roach x4  
  160  12:37  Roach  
  135  12:40  Roach x2  
Tags
 
Add a new tag
Caveats
  • Supply blocks, unpowered buildings, or Contaminate may cause inaccurate times.
  • Supply counts are checked every 10 seconds.